 Dungeon Crawl Stone Soup version 0.30.1-11-g7821555f0a (webtiles) character file.

Game seed: 15339714133829829913

930 monsoonserge the Skirmisher (level 7, 0/36 HPs)
             Began as a Spriggan Hunter on Oct 31, 2023.
             Was an Initiate of Okawaru.
             Slain by a hornet (15 damage)
             ... in the Ecumenical Temple.
             The game lasted 00:10:49 (4220 turns).

monsoonserge the Skirmisher (Spriggan Hunter)       Turns: 4220, Time: 00:10:49

Health: 0/36       AC:  4    Str:  7    XL:     7   Next: 86%
Magic:  8/8        EV: 19    Int: 11    God:    Okawaru [......]
Gold:   248        SH:  0    Dex: 20    Spells: 6/6 levels left

rFire   . . .        a - +0 shortbow
rCold   . . .        (shield currently unavailable)
rNeg    . . .        c - +0 robe
rPois   .            (helmet restricted)
rElec   .            n - +1 cloak
rCorr   .            (gloves unavailable)
SInv    +            (boots unavailable)
Will    +....        (no amulet)
Stlth   ++           (no ring)
HPRegen 0.26/turn    (no ring)
MPRegen 0.11/turn

%: no passive effects
@: hasted and slowed, very quick
A: very small, no large weapons, unfitting armour, see invisible, speed 3
a: Renounce Religion


You were in the Ecumenical Temple.
You worshipped Okawaru.
Okawaru was noncommittal.
You visited 2 branches of the dungeon, and saw 8 of its levels.

You collected 304 gold pieces.
You spent 56 gold pieces at shops.

Inventory:

Hand Weapons
 a - a +0 shortbow (weapon)
 v - the +4 dagger "Gienn" {freeze, rN+ Dex+3}
   (You found it on level 5 of the Dungeon)

   Dex:       It affects your dexterity (+3).
   rN:        It protects you from negative energy.
Missiles
 i - 2 throwing nets
 w - 4 datura-tipped darts
Armour
 c - a +0 robe (worn)
 n - a +1 cloak (worn)
 t - a +0 buckler
Magical Staves
 l - a staff of conjuration
 A - a staff of earth
Scrolls
 b - a scroll of immolation
 e - 4 scrolls of teleportation {unknown}
 f - 2 scrolls of blinking
 j - 4 scrolls of poison
 m - 2 scrolls of amnesia
 p - 3 scrolls of noise {unknown}
 u - 2 scrolls of fog
 y - a scroll of acquirement {unknown}
Potions
 g - 2 potions of flight
 h - 2 potions of lignification
 k - 3 potions of haste
 o - 2 potions of curing
 q - a potion of degeneration {unknown}
 r - 2 potions of ambrosia {unknown}
 s - a potion of might {unknown}
 x - a potion of brilliance {unknown}
 z - 2 potions of magic {unknown}


   Skills:
 + Level 3.2 Fighting
 + Level 8.9 Ranged Weapons
 + Level 3.8 Dodging
 + Level 2.6 Stealth


You had 6 spell levels left.
You didn't know any spells.
Your spell library contained the following spells:

 Spells                   Type           Power      Damage    Failure   Level
 Apportation              Tloc           0%         N/A       34%         1
 Foxfire                  Conj/Fire      0%         2x1d4     34%         1
 Necrotise                Necr           0%         1d4       34%         1
 Fireball                 Conj/Fire      0%         3d3       100%        5
 Plasma Beam              Fire/Air       0%         2x1d11    100%        6
 Starburst                Conj/Fire      0%         6d3       100%        6
 Summon Small Mammal      Summ           Unusable   N/A       N/A         1

Dungeon Overview and Level Annotations

Branches:
Dungeon (7/15)             Temple (1/1) D:7

Altars:
Ashenzari
Cheibriados
Dithmenos
Elyvilon
Fedhas
Gozag
Hepliaklqana
Kikubaaqudgha
Makhleb
Nemelex Xobeh
Okawaru
Ru
Sif Muna
Trog
Vehumet
Wu Jian
Yredelemnul
Zin
The Shining One

Shops:
D:2 [   D:4 ?

Annotations:
D:7 Maggie


Innate Abilities, Weirdness & Mutations

You are very small and have problems with some larger weapons.
You are too small for most types of armour.
You have supernaturally acute eyesight. (SInv)
You cover ground extremely quickly. (Speed+++)


Message History

The hornet buzzes angrily.
You shoot an arrow.
The arrow hits the hornet but does no damage.
An orc comes into view. It is wielding a +0 mace.
You shoot an arrow. The orc shouts!
The arrow hits the hornet.
The hornet is lightly wounded.
An orc wizard comes into view. It is wielding a +0 dagger.
Maggie the Vainglorious comes into view.
She is wielding a +0 glaive and carrying a wand of flame (18).
You aren't carrying any items that you can evoke.
An orc priest comes into view. It is wielding a +0 mace.
The orc priest shouts!
There is a staircase to the Ecumenical Temple here.
You can't go up here!
The hornet barely misses you.
You climb downwards.
Welcome back to the Ecumenical Temple!
There is a staircase back to the Dungeon here.
Fire: a) +0 shortbow
Press: ? - help, Q - select action, (/) - cycle Shift-Dir - straight line, f - hornet
Aim: a hornet (lightly wounded, 55% to hit)
You shoot an arrow. The arrow closely misses the hornet.
The hornet stings you!
You feel yourself slow down. The hornet completely misses you.
Okay, then.
You feel yourself speed up.
You feel yourself speed up. The hornet completely misses you.
The hornet barely misses you.
Fire: a) +0 shortbow
Press: ? - help, Q - select action, (/) - cycle Shift-Dir - straight line, f/p - hornet
Aim: a hornet (lightly wounded, 55% to hit)
You shoot an arrow. The arrow completely misses the hornet.
The hornet stings you!
You feel yourself slow down.
Unknown command.
Fire: a) +0 shortbow
Press: ? - help, Q - select action, (/) - cycle Shift-Dir - straight line, f/p - hornet
Aim: a hornet (lightly wounded, 55% to hit)
You shoot an arrow. The arrow barely misses the hornet.
The hornet stings you!
You die...

§§§§≈≈≈..._..........._...§§≈≈§§≈
≈§§§§≈.§...................§≈≈≈§≈
≈≈§§§§.........._...........≈≈§§§
≈≈§§.........................§≈§§
≈§§§§.._................._..§§§≈≈
≈§§§...........................≈≈
≈.§........._......._...........≈
.................................
.._.............@y............_..
.................................
.........._..........._..........
.................................
................_................
.................................
...._......................._....
.................................
§.§.........8.......8........§§..


You could see a hornet.

Vanquished Creatures
  Sigmund (D:3)
  2 black bears (D:5)
  An ogre (D:5)
  2 hounds (D:5)
  Crazy Yiuf (D:2)
  Jessica (D:2)
  2 iguanas (D:4)
  2 orc wizards (D:3)
  Robin (D:3)
  10 gnolls
  7 adders
  2 white imps
  An ufetubus (D:5)
  A worm (D:3)
  2 dart slugs (D:4)
  13 orcs
  6 endoplasms
  4 giant cockroaches
  11 goblins
  8 hobgoblins
  7 jackals
  4 quokkas
  5 ball pythons
  3 bats
  4 frilled lizards
  2 kobolds
  6 rats
109 creatures vanquished.

Notes
Turn   | Place    | Note
-------+----------+-------------------------------------------
     0 | D:1      | monsoonserge the Spriggan Hunter began the quest for the
                  | Orb.
     0 | D:1      | Reached XP level 1. HP: 10/10 MP: 2/2
   178 | D:1      | Reached XP level 2. HP: 14/14 MP: 3/3
   425 | D:1      | Reached XP level 3. HP: 18/18 MP: 4/4
   576 | D:2      | Reached skill level 5 in Ranged Weapons
   660 | D:2      | Noticed Jessica
   665 | D:2      | Killed Jessica
   666 | D:2      | Reached XP level 4. HP: 23/23 MP: 5/5
   814 | D:2      | Found Wuorgh's Armour Shop.
  1057 | D:2      | Found a runed translucent door.
  1058 | D:2      | Noticed Crazy Yiuf
  1222 | D:2      | Killed Crazy Yiuf
  1223 | D:2      | Reached skill level 6 in Ranged Weapons
  1223 | D:2      | Reached XP level 5. HP: 12/26 MP: 6/6
  1375 | D:3      | Found a faded altar of an unknown god.
  1728 | D:4      | Found Umeclaimm's Magic Scroll Emporium.
  1881 | D:4      | Bought a scroll of poison for 56 gold pieces
  2174 | D:3      | Reached XP level 6. HP: 30/30 MP: 7/7
  2202 | D:3      | Noticed Sigmund
  2220 | D:3      | Killed Sigmund
  2221 | D:3      | Reached skill level 7 in Ranged Weapons
  2371 | D:3      | Noticed Robin
  2404 | D:3      | Killed Robin
  2412 | D:3      | Reached XP level 7. HP: 26/35 MP: 8/8
  3220 | D:5      | Entered Level 5 of the Dungeon
  3227 | D:5      | Identified the +4 dagger "Gienn" {freeze, rN+ Dex+3}
  3339 | D:5      | Reached skill level 8 in Ranged Weapons
  3989 | D:6      | You fall into a shaft and drop 1 floor!
  4018 | D:7      | Found a staircase to the Ecumenical Temple.
  4031 | D:7      | Noticed a hornet
  4034 | Temple   | Entered the Ecumenical Temple
  4190 | Temple   | Became a worshipper of Warmaster Okawaru
  4213 | D:7      | Noticed Maggie
  4220 | Temple   | Slain by a hornet

Illustrated notes

Levels and vault maps discovered:
D:1:      dpeg_arrival_refuge, layout_rooms
D:2:      layout_rooms, serial_shops, shop, minmay_misc_feat_rows,
          nicolae_kite_square_tiling_tiny, minmay_misc_feat_nine_boxes,
          uniq_crazy_yiuf_cottage, uniq_jessica
D:3:      layout_loops_ring, shapermc_ecumenical_altar_totnotflames,
          uniq_sigmund, uniq_robin
D:4:      layout_loops_ring, serial_shops, nicolae_shop_peninsula, minivault_19
D:5:      layout_basic
D:6:      layout_loops_ring, mainiacjoe_overflow_two_lobes, lightli_orcish_oven
D:7:      layout_loops_ring, temple_pool_b, uniq_maggie
Temple:   compressed_dpeg_triangle_lava_temple

Skill      XL: |  1  2  3  4  5  6  7 |
---------------+----------------------+-----
Fighting       | 2 3 |  3.2
Ranged Weapons | 5 6 7 8 |  8.9
Dodging        | 3 |  3.8
Stealth        | 2 |  2.6

Action                     |  1- 3 |  4- 6 |  7- 9 || total
---------------------------+-------+-------+-------++-------
   Fire: Shortbow          |   116 |   170 |   110 ||   396
    Use: Scroll            |       |       |     6 ||     6
         Potion            |       |       |     1 ||     1
 Armour: Robe              |     6 |     3 |     2 ||    11
  Dodge: Dodged            |    33 |    44 |    23 ||   100
